 Dungeon Crawl Stone Soup version 0.30-a0-393-g54b8e3be05 (webtiles) character file.

Game seed: 11762888640290587966

338 p00ps00p the Trooper (level 6, -10/56 HPs)
             Began as a Hill Orc Fighter on Dec 6, 2022.
             Killed from afar by Ijyb (24 damage)
             ... with a bolt of acid
             ... on level 4 of the Dungeon.
             The game lasted 00:05:18 (3218 turns).

p00ps00p the Trooper (Hill Orc Fighter)             Turns: 3218, Time: 00:05:20

Health: -10/56     AC:  4    Str: 21    XL:     6   Next: 55%
Magic:  6/6        EV:  9    Int:  8    God:
Gold:   200        SH:  4    Dex: 10    Spells: 5/5 levels left

rFire   . . .      SeeInvis .    p - +0 hand axe (elec)
rCold   . . .      Faith    .    c - +0 buckler
rNeg    . . .      Spirit   .    b - +0 scale mail
rPois   .          Reflect  .    (no helmet)
rElec   .          Harm     .    (no cloak)
rCorr   .          Rampage  .    (no gloves)
Will    .....                    g - +0 pair of boots
Stlth   ..........               (no amulet)
HPRegen 0.29/turn                (no ring)
MPRegen 0.10/turn                (no ring)

@: corroded
A: no striking features
a: no special abilities


You were on level 4 of the Dungeon.
You visited 1 branch of the dungeon, and saw 4 of its levels.

You collected 200 gold pieces.

Inventory:

Hand Weapons
 a - a +0 war axe
 p - a +0 hand axe of electrocution (weapon)
Armour
 b - a +0 scale mail (worn)
 c - a +0 buckler (worn)
 g - a +0 pair of boots (worn)
Wands
 o - a wand of roots (10)
Scrolls
 e - 3 scrolls of teleportation
 h - a scroll of amnesia
 m - 2 scrolls of fear
 s - a scroll of immolation {unknown}
Potions
 d - a potion of might
 f - 3 potions of curing
 i - 4 potions of degeneration
 j - a potion of haste
 k - a potion of brilliance
 l - a potion of flight
 n - a potion of magic
 q - 2 potions of attraction {unknown}
 r - a potion of heal wounds {unknown}


   Skills:
 + Level 5.3 Fighting
 + Level 4.9 Axes
 + Level 4.8 Armour
 + Level 4.8 Shields


You had 5 spell levels left.
You didn't know any spells.
Your spell library contained the following spells:

 Spells                   Type           Power      Damage    Failure   Level
 Apportation              Tloc           0%         N/A       82%         1
 Necrotise                Necr           0%         1d4       82%         1
 Slow                     Hex            0%         N/A       82%         1
 Summon Small Mammal      Summ           0%         N/A       82%         1
 Confusing Touch          Hex            0%         N/A       99%         3
 Vampiric Draining        Necr           0%         2d6       99%         3


Dungeon Overview and Level Annotations

Branches:
Dungeon (4/15)
 Temple: D:4-7

Altars:
Dithmenos
Elyvilon
Fedhas
Hepliaklqana
Kikubaaqudgha
Ru
Vehumet
Xom

Shops:
D:4 *

Annotations:
D:4 Ijyb


Message History

No target in view!
No target in view!
You open the door.
Found a hazy altar of Hepliaklqana.
There is an open door here.
There is a hazy altar of Hepliaklqana here.
There is an open door here.
Ijyb the Twisted Goblin comes into view.
She is wielding a +0 dagger, wearing a +2 leather armour of cold resistance and carrying a wand of acid (8).
Ijyb shouts!
An endoplasm comes into view.
There are monsters nearby!
Ijyb hits you but does no damage.
You barely miss Ijyb.
Ijyb zaps a wand.
The bolt of acid hits you! The acid corrodes you!
You barely miss Ijyb.
Ijyb drinks a potion.
Ijyb flickers and vanishes!
Deactivating autopickup; reactivate with Ctrl-A.
You hit something but do no damage.
You hear a zap.
A bolt of acid appears from out of thin air!
The bolt of acid hits you!!
You hit something but do no damage. Lightning courses through something!
A quokka comes into view.
Something hits you.
You closely miss something. You hit the endoplasm. Something hits you.
The endoplasm freezes you.
You are frozen.
* * * LOW HITPOINT WARNING * * *
You hit the endoplasm.
The endoplasm is severely wounded.
You barely miss something. Something hits you.
* * * LOW HITPOINT WARNING * * *
The endoplasm barely misses you.
You hit the endoplasm.
Lightning courses through the endoplasm!
You kill the endoplasm!
You closely miss something.
You hear a zap.
A bolt of acid appears from out of thin air!
The bolt of acid hits you!!
You die...

####### #≈≈≈♣.♣#
≈≈≈♣...♣###
≈≈≈8._..'.#
≈≈≈♣...♣#.#
#≈≈≈♣.♣##.##
########...#######
†#.#..#..........#
.)......##.#####@#
......####.# #{..#
.###.#####.#
.....# .#
#....†..##.#..r.
..
##########.####..
.. # .## #. .. .#
...


You could see a quokka.

Vanquished Creatures
  Grinder (D:3)
  An orc wizard (D:3)
  An adder (D:2)
  5 worms
  A dart slug (D:1)
  4 orcs (D:3)
  10 endoplasms
  2 giant cockroaches
  6 goblins
  5 hobgoblins
  10 jackals
  8 kobolds
  7 ball pythons
  7 bats
  7 frilled lizards
  8 rats
83 creatures vanquished.

Vanquished Creatures (others)
  A butterfly (D:4)
1 creature vanquished.

Grand Total: 84 creatures vanquished

Notes
Turn   | Place    | Note
-------+----------+-------------------------------------------
     0 | D:1      | p00ps00p the Hill Orc Fighter began the quest for the Orb.
     0 | D:1      | Reached XP level 1. HP: 19/19 MP: 1/1
    62 | D:1      | Reached XP level 2. HP: 16/27 MP: 2/2
   313 | D:1      | Reached skill level 4 in Fighting
   360 | D:1      | Reached XP level 3. HP: 28/33 MP: 3/3
   969 | D:2      | Reached XP level 4. HP: 40/40 MP: 4/4
  1123 | D:2      | Found a faded altar of an unknown god.
  1319 | D:2      | You fall into a shaft and drop 1 floor!
  1374 | D:3      | HP: 2/41 [orc wizard/puff of flame (9)]
  1775 | D:3      | Reached XP level 5. HP: 43/47 MP: 5/5
  1831 | D:3      | Noticed Grinder
  1831 | D:3      | Paralysed by Grinder for 5 turns
  1837 | D:3      | Paralysed by Grinder for 3 turns
  1847 | D:3      | Killed Grinder
  1848 | D:3      | Reached skill level 5 in Fighting
  1848 | D:3      | Reached XP level 6. HP: 35/56 MP: 6/6
  2151 | D:3      | Found a radiant altar of Vehumet.
  2327 | D:3      | Found a blossoming altar of Fedhas.
  2340 | D:3      | Found a sacrificial altar of Ru.
  2340 | D:3      | Found a shadowy altar of Dithmenos.
  2991 | D:4      | Found Poarosseph's Lightly-Used Armoury.
  3060 | D:4      | Found a white marble altar of Elyvilon.
  3070 | D:4      | Found a shimmering altar of Xom.
  3109 | D:4      | Found an ancient bone altar of Kikubaaqudgha.
  3193 | D:4      | Found a hazy altar of Hepliaklqana.
  3210 | D:4      | Noticed Ijyb
  3218 | D:4      | Killed from afar by Ijyb

Illustrated notes

Levels and vault maps discovered:
D:1:      dpeg_arrival_radiant, layout_basic, serial_glass, glass_columns_a,
          glass_columns_a
D:2:      kennysheep_six_static_rooms, layout_loops_cross,
          basic_ecumenical_altar
D:3:      layout_basic, lemuel_crystal_altar, grunt_temple_overflow_open,
          nicolae_titane, uniq_grinder
D:4:      layout_loops_cross, xom_butterflies,
          worldfamousw_hep_ancestral_shrine, elyvilon_altar_4,
          kiku_gazebo_garden_becter, minmay_temple_entry_stoned_glass,
          serial_shops, nicolae_lakefront_shop, st_stairs_14,
          minmay_shop_damaged, uniq_ijyb

Skill      XL: |  1  2  3  4  5 |
---------------+----------------+-----
Axes           | 3 4 |  4.9
Fighting       | 4 5 |  5.3
Shields        | 4 |  4.8
Armour         | 4 |  4.8

Action                   |  1- 3 |  4- 6 || total
-------------------------+-------+-------++-------
Melee: War axe           |   102 |    43 ||   145
       Hand axe          |       |    69 ||    69
  Use: Scroll            |     5 |     9 ||    14
Armor: Scale mail        |    55 |    37 ||    92
Dodge: Dodged            |    51 |    47 ||    98
Block: Buckler           |    22 |    26 ||    48

Table legend: (Time is in decaauts)
 A = Elapsed time spent in this place.
 B = Non-inter-level travel time spent in this place.
 C = Inter-level travel time spent in this place.
 D = Time resting spent in this place.
 E = Time spent auto-exploring this place.
 F = Levels seen in this place.
 G = Mean time per level.
                   A        B        C        D        E       F      G
               +--------+--------+--------+--------+--------+-----+--------+
         Total |   3279 |   3164 |    115 |    615 |   1962 |   4 |  819.8 |
       Dungeon |   3279 |   3164 |    115 |    615 |   1962 |   4 |  819.8 |
               +--------+--------+--------+--------+--------+-----+--------+

Top non-repeatable levels by time:
     D:3: 1509 daAuts
     D:2: 793 daAuts
     D:1: 722 daAuts
     D:4: 254 daAuts
